 Dungeon Crawl Stone Soup version 0.31.0 (webtiles) character file.

Game seed: 12303091540519562915

59602 qw the Marksgargoyle (level 14, -3/92 HPs)
             Began as a Gargoyle Hunter on Jan 19, 2024.
             Was a High Priest of Okawaru.
             Shot with an arrow by a centaur warrior (9 damage)
             ... on level 15 of the Dungeon.
             The game lasted 00:02:27 (14821 turns).

qw the Marksgargoyle (Gargoyle Hunter)             Turns: 14821, Time: 00:02:28

Health: -3/92      AC: 23    Str: 18    XL:     14   Next: 95%
Magic:  21/21      EV: 16    Int: 11    God:    Okawaru [*****.]
Gold:   1019       SH:  0    Dex: 19    Spells: 13/13 levels left

rFire   + + .        t - +6 hand cannon of Teegh {freeze, Str+3}
rCold   . . .        (no shield)
rNeg    + . .        u - +1 leather armour of Limitation {rElec rF++ Dex+2 Stlth+}
rPois   inf          (no helmet)
rElec   +            r - +0 cloak
rCorr   .            s - +0 pair of gloves
SInv    +            n - +0 pair of boots
Will    +....        k - amulet of regeneration
Stlth   +++          m - +4 ring of protection
HPRegen 1.15/turn    g - ring of see invisible
MPRegen 0.17/turn

%: no passive effects
@: about to teleport, flying
A: sickness immunity, AC +10, big wings, negative energy resistance 1,
electricity resistance, torment resistance 1, petrification resistance
a: Renounce Religion, Heroism, Finesse, Duel


You were on level 15 of the Dungeon.
You worshipped Okawaru.
Okawaru was extremely pleased with you.
You visited 2 branches of the dungeon, and saw 18 of its levels.

You collected 1094 gold pieces.
You spent 75 gold pieces at shops.


Innate Abilities, Weirdness & Mutations

You are immune to sickness and miasma.
Your stone body is resilient. (AC +10)
You are immune to poison.
Your large and strong wings let you fly.
You resist negative energy. (rN+)
You are resistant to electric shocks. (rElec)
You are resistant to unholy torment.
You are immune to petrification.


   Skills:
 + Level 12.7 Fighting
 - Level 19.0 Ranged Weapons
 - Level 7.1 Armour
 - Level 7.1 Dodging
 - Level 1.1 Stealth
 - Level 10.0 Invocations


You had 13 spell levels left.
You didn't know any spells.
Your spell library was empty.

Inventory:

Hand Weapons
 t - the +6 hand cannon of Teegh (weapon) {freeze, Str+3}
   (Okawaru gifted it to you on level 11 of the Dungeon)

   Str+3:     It affects your strength (+3).
Armour
 f - a +0 troll leather armour
 n - a +0 pair of boots (worn)
 r - a +0 cloak (worn)
 s - a +0 pair of gloves (worn)
 u - the +1 leather armour of Limitation (worn) {rElec rF++ Dex+2 Stlth+}
   (You found it on level 5 of the Lair of Beasts)

   Dex+2:     It affects your dexterity (+2).
   rF++:      It greatly protects you from fire.
   rElec:     It insulates you from electricity.
   Stlth+:    It makes you more stealthy.
Jewellery
 g - a ring of see invisible (right hand)
 k - an amulet of regeneration (around neck)
 m - a +4 ring of protection (left hand)
 p - a ring of fire
 Y - a ring of positive energy
Wands
 i - a wand of polymorph (5)
 j - a wand of iceblast (15)
 v - a wand of light (9)
 w - a wand of mindburst (23)
Scrolls
 e - 2 scrolls of teleportation
 o - a scroll of identify
Potions
 b - 2 potions of curing
 c - 2 potions of enlightenment
 d - 2 potions of cancellation
 h - 4 potions of mutation
 l - 3 potions of might
 q - 2 potions of haste

Dungeon Overview and Level Annotations

Branches:
Dungeon (12/15)            Temple (0/1) D:6            Lair (5/5) D:10
  Swamp (0/4) Lair:2        Snake (0/4) Lair:3        Slime (0/5) Lair:4
    Orc (0/2) D:11         Depths (0/4) D:15

Altars:
Ashenzari
Elyvilon
Fedhas
Nemelex Xobeh
Okawaru
Qazlal
Ru
Sif Muna
Trog
Vehumet
Wu Jian
Xom
The Shining One
Jiyva

Shops:
D:2 ?

Annotations:
D:7 1 transporter
Lair:1 2 transporters, qw's ghost, novice GrHu
Lair:5 1 runed translucent door, Plazmod's ghost, journeyman DECj


Message History

The arrow barely misses you.
You shoot a bolt. The bolt hits the centaur!!
The bolt freezes the centaur.
You kill the centaur!
Okawaru accepts your kill.
The centaur warrior shoots an arrow.
The arrow hits you.
The centaur shoots an arrow.
The arrow barely misses you.
The centaur shoots an arrow.
The arrow closely misses you.
The centaur shoots an arrow.
The arrow misses you.
You shoot a bolt. The bolt hits the centaur!
The bolt freezes the centaur!
The centaur is almost dead.
The centaur warrior shoots an arrow.
The arrow hits you but does no damage.
The centaur shoots an arrow.
The arrow closely misses you.
The centaur shoots an arrow.
The arrow hits you but does no damage.
The centaur shoots an arrow.
The arrow hits you but does no damage.
You shoot a bolt. The bolt hits the centaur!!
The bolt freezes the centaur.
You kill the centaur!
Okawaru accepts your kill.
The centaur warrior shoots an arrow.
The arrow hits you!
The centaur shoots an arrow.
The arrow closely misses you.
The centaur shoots an arrow.
The arrow closely misses you.
You shoot a bolt. The bolt hits the centaur!
The bolt freezes the centaur.
The centaur is severely wounded.
The centaur shoots an arrow.
The arrow hits you!
The centaur shoots an arrow.
The arrow hits you.
The centaur warrior shoots an arrow.
The arrow hits you!
The centaur shoots an arrow.
The arrow closely misses you.
The centaur shoots an arrow.
The arrow hits you.
The centaur shoots an arrow.
The arrow hits you.
The centaur warrior shoots an arrow.
The arrow hits you but does no damage.
14820 ||| READING 3 scrolls of teleportation.
As you read the scroll of teleportation, it crumbles to dust.
You feel strangely unstable.
The centaur unwields a +0 orcbow.
The centaur closely misses you. x2
The centaur unwields a +0 orcbow.
The centaur hits you but does no damage.
The centaur kicks you.
You shoot a bolt. The bolt hits the centaur!!
The bolt freezes the centaur.
You kill the centaur!
Okawaru accepts your kill.
The centaur warrior shoots an arrow.
The arrow hits you!
You die...

..........
..........
#.$.......
##..)......
..........
.).......
###ccc.....
#..@.......
##.00.......
#..........
###.........
#...........
#..........#
#..........#
###........#
#
###.........#


You could see a centaur warrior and 2 centaurs.

Vanquished Creatures
  A frost giant (D:15)
  2 hydras
  2 boulder beetles
  2 catoblepae
  2 centaur warriors (D:15)
  8 death yaks
  A deep troll shaman (Lair:5)
  A two-headed ogre (D:10)
  2 tengu warriors (D:15)
  Sonja (D:10)
  2 skysharks (Lair:5)
  A lindwurm (Lair:5)
  2 deep elf pyromancers (D:12)
  An ugly thing (D:11)
  Pikel (D:5)
  2 cyclopes
  A manticore (D:15)
  6 black mambas
  19 elephants
  An ice statue (D:10)
  12 cane toads
  A torpor snail (Lair:5)
  A rime drake (Lair:3)
  9 komodo dragons
  2 kobold demonologists (D:9)
  A polar bear (Lair:5)
  2 hornets
  2 trolls (D:9)
  18 blink frogs
  Grinder (D:3)
  15 dream sheep
  A wraith (D:12)
  3 shadows
  A spriggan (Lair:1)
  51 yaks
  A vampire (D:10)
  3 wyverns
  3 basilisks
  6 vampire mosquitoes (Lair:2)
  2 nagas (Lair:3)
  3 acid dragons
  17 water moccasins
  6 orc warriors
  2 ice beasts
  A sky beast (D:8)
  5 black bears
  2 ogres
  28 wolves
  7 centaurs
  A phantom (D:4)
  2 lemures (D:5)
  5 kobold brigands
  11 bullfrogs
  A gnoll sergeant (D:9)
  2 scorpions
  3 wights (D:7)
  4 howler monkeys
  2 electric eels (Lair:2)
  8 jellies
  A bombardier beetle (D:4)
  3 hounds
  9 orc priests
  2 gnoll boudas
  5 iguanas
  2 sleepcaps (D:6)
  12 orc wizards
  5 hell rats (Lair:4)
  18 gnolls
  9 adders
  A shadow imp (D:7)
  2 ufetubi (D:6)
  3 ribbon worms
  4 dart slugs
  53 orcs
  6 bats
  16 endoplasms
  3 giant cockroaches
  9 goblins
  5 hobgoblins
  2 jackals (D:1)
  2 quokkas
  4 ball pythons
  2 frilled lizards (D:2)
  28 kobolds
  5 rats
514 creatures vanquished.

Notes
Turn   | Place    | Note
-------+----------+-------------------------------------------
     0 | D:1      | qw the Gargoyle Hunter began the quest for the Orb.
     0 | D:1      | Reached XP level 1. HP: 12/12 MP: 1/1
     0 | D:1      | 0 ||| qw: Version: 0.3-a-132-g3d54051
     0 | D:1      | 0 ||| qw: Game counter: 77
     0 | D:1      | 0 ||| qw: Melee chars always use a shield: true
     0 | D:1      | 0 ||| qw: God list: Okawaru
     0 | D:1      | 0 ||| qw: Allow faded altars: false
     0 | D:1      | 0 ||| qw: Do Orc after clearing Dungeon:15 true
     0 | D:1      | 0 ||| qw: Do second Lair branch before Depths: true
     0 | D:1      | 0 ||| qw: Lair rune preference: random
     0 | D:1      | 0 ||| qw: Goals: Normal
     0 | D:1      | 0 ||| PLANNING D:1-11
    91 | D:1      | Reached XP level 2. HP: 17/17 MP: 2/2
   712 | D:1      | Reached XP level 3. HP: 21/21 MP: 3/3
   804 | D:1      | 804 ||| UPGRADING to +0 ring mail.
   814 | D:1      | 814 ||| DROPPING +0 leather armour.
   815 | D:1      | 815 ||| DROPPING scarf of harm.
   816 | D:1      | 816 ||| UPGRADING to ring of positive energy.
   817 | D:1      | 817 ||| UPGRADING to ring of see invisible.
   818 | D:1      | 818 ||| UPGRADING to +4 ring of protection.
   820 | D:1      | 820 ||| READING scroll labelled LIRASHR XOALO.
   824 | D:1      | 824 ||| READING scroll labelled QAMYDY US OMA.
   825 | D:1      | 825 ||| READING scroll labelled QEUF GAAZAZO.
   826 | D:1      | 826 ||| DRINKING 2 fizzy red potions.
   827 | D:1      | 827 ||| DROPPING scroll of butterflies.
   828 | D:1      | 828 ||| DROPPING potion of degeneration.
   846 | D:2      | 846 ||| STAIRDANCE
   858 | D:2      | 858 ||| STAIRDANCE
   906 | D:2      | Reached skill level 1 in Armour
  1022 | D:2      | Found a stormy altar of Qazlal.
  1048 | D:2      | Found Sueme's Magic Scroll Boutique.
  1060 | D:2      | Reached skill level 5 in Ranged Weapons
  1062 | D:2      | 1062 ||| BUYING scroll of enchant weapon (75 gold).
  1062 | D:2      | Bought a scroll of enchant weapon for 75 gold pieces
  1062 | D:2      | 1062 ||| SHOPLISTING scroll of enchant weapon (75 gold,
                  | have 16).
  1062 | D:2      | 1062 ||| SHOPLISTING scroll of identify (20 gold, have 16).
  1064 | D:2      | 1064 ||| READING scroll of enchant weapon.
  1064 | D:2      | 1064 ||| ENCHANTING +0 shortbow.
  1421 | D:2      | 1421 ||| READING 4 scrolls labelled ARO JOEKKIC.
  1421 | D:2      | 1421 ||| IDENTIFYING golden potion
  1422 | D:2      | 1422 ||| READING 3 scrolls of identify.
  1422 | D:2      | 1422 ||| IDENTIFYING orange potion
  1423 | D:2      | 1423 ||| DROPPING potion of ambrosia.
  1471 | D:3      | Reached skill level 3 in Fighting
  1471 | D:3      | Reached XP level 4. HP: 18/28 MP: 4/4
  1478 | D:3      | HP: 5/28 [orc wizard/puff of flame (8)]
  1479 | D:3      | 1479 ||| READING scroll of teleportation.
  1643 | D:3      | Noticed Grinder
  1662 | D:3      | Paralysed by Grinder for 5 turns
  1671 | D:3      | Killed Grinder
  1672 | D:3      | Reached skill level 6 in Ranged Weapons
  1672 | D:3      | Reached XP level 5. HP: 29/32 MP: 5/5
  1672 | D:3      | Reached XP level 6. HP: 33/37 MP: 6/6
  2214 | D:3      | Reached skill level 7 in Ranged Weapons
  2244 | D:3      | Found a white marble altar of Elyvilon.
  2244 | D:3      | Found a blossoming altar of Fedhas.
  2244 | D:3      | Found a sacrificial altar of Ru.
  2244 | D:3      | Found an ornate altar of the Wu Jian Council.
  2244 | D:3      | Found a glowing golden altar of the Shining One.
  2244 | D:3      | Found a glowing golden altar of the Shining One.
  2245 | D:3      | 2245 ||| RETREEEEATING.
  2247 | D:3      | 2247 ||| RETREEEEATING.
  2264 | D:3      | Reached XP level 7. HP: 36/43 MP: 7/7
  2270 | D:3      | 2270 ||| FLEEEEING.
  2453 | D:3      | 2453 ||| READING 2 scrolls of identify.
  2453 | D:3      | 2453 ||| IDENTIFYING scroll labelled RYOXARPH GELLUF
  2454 | D:3      | 2454 ||| DROPPING scroll of summoning.
  2544 | D:4      | 2544 ||| RETREEEEATING.
  2546 | D:4      | 2546 ||| RETREEEEATING.
  2550 | D:4      | HP: 7/43 [orc priest/divine providence (12)]
  2551 | D:4      | 2551 ||| READING scroll of teleportation.
  2552 | D:4      | 2552 ||| RETREEEEATING.
  2553 | D:4      | 2553 ||| RETREEEEATING.
  2555 | D:4      | 2555 ||| FLEEEEING.
  2591 | D:4      | 2591 ||| FLEEEEING.
  2592 | D:4      | 2592 ||| FLEEEEING.
  2593 | D:4      | 2593 ||| FLEEEEING.
  2595 | D:4      | 2595 ||| STAIRDANCE
  2687 | D:3      | 2687 ||| READING 2 scrolls of identify.
  2687 | D:3      | 2687 ||| IDENTIFYING metallic dark potion
  2688 | D:3      | 2688 ||| DROPPING potion of lignification.
  2722 | D:4      | Reached skill level 8 in Ranged Weapons
  2722 | D:4      | 2722 ||| FLEEEEING.
  2723 | D:4      | 2723 ||| FLEEEEING.
  2724 | D:4      | 2724 ||| FLEEEEING.
  2725 | D:4      | 2725 ||| FLEEEEING.
  2726 | D:4      | 2726 ||| FLEEEEING.
  2727 | D:4      | 2727 ||| FLEEEEING.
  2728 | D:4      | 2728 ||| FLEEEEING.
  2729 | D:4      | 2729 ||| FLEEEEING.
  2730 | D:4      | 2730 ||| FLEEEEING.
  2731 | D:4      | 2731 ||| FLEEEEING.
  2732 | D:4      | 2732 ||| FLEEEEING.
  2733 | D:4      | 2733 ||| STAIRDANCE
  2922 | D:4      | Found an iron altar of Okawaru.
  2923 | D:4      | 2923 ||| PLANNING OKAWARU WORSHIP
  3025 | D:4      | 3025 ||| FLEEEEING.
  3241 | D:4      | 3241 ||| UPGRADING to amulet of the acrobat.
  3349 | D:4      | Identified the +9 spear of Contradiction {spect, ^Drain rC+
                  | rN+}
  3410 | D:4      | HP: 8/44 [orc/+0 mace (5)]
  3411 | D:4      | 3411 ||| READING scroll of teleportation.
  3416 | D:4      | Reached XP level 8. HP: 8/49 MP: 8/8
  3416 | D:4      | 3416 ||| FLEEEEING.
  3422 | D:4      | 3422 ||| STAIRDANCE
  3426 | D:3      | 3426 ||| STAIRDANCE
  3561 | D:2      | 3561 ||| UPGRADING to amulet of regeneration.
  3571 | D:2      | 3571 ||| DROPPING amulet of the acrobat.
  3572 | D:2      | 3572 ||| READING 2 scrolls of identify.
  3572 | D:2      | 3572 ||| IDENTIFYING puce potion
  3573 | D:2      | 3573 ||| READING scroll of identify.
  3573 | D:2      | 3573 ||| IDENTIFYING lumpy emerald potion
  3574 | D:2      | 3574 ||| READING scroll labelled PEDAOTSA HIJ FENO.
  3575 | D:2      | 3575 ||| READING scroll labelled IRYXESTR MUUDD.
  3607 | D:4      | Became a worshipper of Warmaster Okawaru
  3608 | D:4      | 3608 ||| PLANNING D:1-11
  3685 | D:4      | 3685 ||| READING scroll of enchant weapon.
  3685 | D:4      | 3685 ||| ENCHANTING +1 shortbow.
  3715 | D:5      | Entered Level 5 of the Dungeon
  3801 | D:5      | Reached skill level 9 in Ranged Weapons
  3829 | D:5      | Reached * piety under Okawaru
  4007 | D:5      | Reached skill level 6 in Fighting
  4007 | D:5      | Reached skill level 1 in Invocations
  4022 | D:5      | 4022 ||| FLEEEEING.
  4122 | D:5      | Found a white marble altar of Elyvilon.
  4355 | D:5      | 4355 ||| UPGRADING to +0 pair of boots.
  4360 | D:5      | 4360 ||| READING 2 scrolls of identify.
  4360 | D:5      | 4360 ||| IDENTIFYING metallic purple potion
  4361 | D:5      | 4361 ||| READING scroll of identify.
  4361 | D:5      | 4361 ||| IDENTIFYING 3 scrolls labelled TIUDWIA TACRI
  4362 | D:5      | 4362 ||| READING 3 scrolls of brand weapon.
  4362 | D:5      | 4362 ||| BRANDING +2 shortbow.
  4363 | D:5      | 4363 ||| READING 2 scrolls of brand weapon.
  4363 | D:5      | 4363 ||| BRANDING +2 shortbow of flaming.
  4364 | D:5      | 4364 ||| READING scroll of brand weapon.
  4364 | D:5      | 4364 ||| BRANDING +2 shortbow of draining.
  4365 | D:5      | 4365 ||| DROPPING potion of attraction.
  4404 | D:6      | 4404 ||| STAIRDANCE
  4422 | D:6      | 4422 ||| STAIRDANCE
  4428 | D:6      | 4428 ||| STAIRDANCE
  4443 | D:6      | Noticed Pikel
  4444 | D:6      | 4444 ||| STAIRDANCE
  4446 | D:5      | 4446 ||| RETREEEEATING.
  4447 | D:5      | 4447 ||| RETREEEEATING.
  4447 | D:5      | HP: 9/51 [ogre/+0 giant club (13)]
  4448 | D:5      | 4448 ||| READING scroll of teleportation.
  4449 | D:5      | 4449 ||| RETREEEEATING.
  4450 | D:5      | 4450 ||| RETREEEEATING.
  4451 | D:5      | 4451 ||| RETREEEEATING.
  4452 | D:5      | 4452 ||| RETREEEEATING.
  4453 | D:5      | 4453 ||| FLEEEEING.
  4454 | D:5      | 4454 ||| FLEEEEING.
  4455 | D:5      | 4455 ||| FLEEEEING.
  4457 | D:5      | 4457 ||| FLEEEEING.
  4458 | D:5      | 4458 ||| FLEEEEING.
  4459 | D:5      | 4459 ||| RETREEEEATING.
  4460 | D:5      | 4460 ||| RETREEEEATING.
  4462 | D:5      | 4462 ||| FLEEEEING.
  4468 | D:5      | 4468 ||| RETREEEEATING.
  4469 | D:5      | 4469 ||| RETREEEEATING.
  4470 | D:5      | 4470 ||| RETREEEEATING.
  4472 | D:5      | 4472 ||| RETREEEEATING.
  4473 | D:5      | 4473 ||| RETREEEEATING.
  4474 | D:5      | 4474 ||| RETREEEEATING.
  4475 | D:5      | 4475 ||| RETREEEEATING.
  4475 | D:5      | HP: 7/51 [ogre/+0 giant club (21)]
  4479 | D:5      | Reached skill level 3 in Invocations
  4480 | D:5      | HP: 7/51 [lemure[Pikel] (3)]
  4485 | D:5      | HP: 5/51 [centaur/arrow (4)]
  4487 | D:5      | HP: 2/51 [centaur/arrow (6)]
  4554 | D:6      | 4554 ||| INVOKING Heroism.
  4557 | D:6      | 4557 ||| STAIRDANCE
  4566 | D:5      | Killed Pikel
  4566 | D:5      | Reached ** piety under Okawaru
  4567 | D:5      | Reached XP level 9. HP: 55/55 MP: 9/12
  4567 | D:5      | 4567 ||| FLEEEEING.
  4642 | D:6      | Reached skill level 10 in Ranged Weapons
  4750 | D:6      | Identified the death talisman of the Good {rElec rF- Int+2}
  4884 | D:6      | Found a staircase to the Ecumenical Temple.
  5019 | D:6      | 5019 ||| READING scroll of identify.
  5019 | D:6      | 5019 ||| IDENTIFYING fizzy brown potion
  5060 | D:7      | Found a sparkling altar of Nemelex Xobeh.
  5060 | D:7      | Found a transporter.
  5060 | D:7      | Noticed an eight-headed hydra
  5061 | D:7      | Noticed a two-headed ogre
  5130 | D:7      | Found a shimmering blue altar of Sif Muna.
  5408 | D:7      | 5408 ||| ZAPPING wand of iceblast (5) at 0,-2 (black bear;
                  | floor).
  5518 | D:7      | 5518 ||| RETREEEEATING.
  5520 | D:7      | 5520 ||| RETREEEEATING.
  5526 | D:7      | Reached *** piety under Okawaru
  5553 | D:7      | Reached skill level 11 in Ranged Weapons
  5588 | D:7      | Reached skill level 3 in Dodging
  5594 | D:7      | 5594 ||| SWAPPING to +0 orcbow.
  5595 | D:7      | 5595 ||| DROPPING +2 heavy shortbow.
  5596 | D:7      | 5596 ||| READING scroll of brand weapon.
  5596 | D:7      | 5596 ||| BRANDING +0 orcbow.
  5662 | D:7      | 5662 ||| READING 2 scrolls of identify.
  5662 | D:7      | 5662 ||| IDENTIFYING scroll labelled KOTINTOEWA
  5663 | D:7      | 5663 ||| DROPPING scroll of poison.
  5758 | D:8      | Reached skill level 3 in Armour
  5759 | D:8      | 5759 ||| FLEEEEING.
  5808 | D:8      | 5808 ||| FLEEEEING.
  5809 | D:8      | 5809 ||| FLEEEEING.
  5810 | D:8      | 5810 ||| FLEEEEING.
  5811 | D:8      | 5811 ||| FLEEEEING.
  5813 | D:8      | 5813 ||| FLEEEEING.
  5814 | D:8      | 5814 ||| FLEEEEING.
  5819 | D:8      | 5819 ||| STAIRDANCE
  5941 | D:8      | Reached XP level 10. HP: 58/63 MP: 13/13
  5959 | D:8      | 5959 ||| FLEEEEING.
  6089 | D:8      | 6089 ||| SWAPPING to +2 longbow of freezing.
  6090 | D:8      | 6090 ||| DROPPING +0 orcbow of freezing.
  6104 | D:8      | Found a sacrificial altar of Ru.
  6237 | D:8      | Reached **** piety under Okawaru
  6454 | D:8      | 6454 ||| UPGRADING to +0 acid dragon scales.
  6464 | D:8      | 6464 ||| DROPPING +0 ring mail.
  6465 | D:8      | 6465 ||| READING 5 scrolls of identify.
  6465 | D:8      | 6465 ||| IDENTIFYING glowing coppery potion
  6466 | D:8      | 6466 ||| READING 4 scrolls of identify.
  6466 | D:8      | 6466 ||| IDENTIFYING bubbling emerald potion
  6529 | D:9      | Found a broken altar of Ashenzari.
  6529 | D:9      | Found a blossoming altar of Fedhas.
  6600 | D:9      | 6600 ||| RETREEEEATING.
  6603 | D:9      | 6603 ||| RETREEEEATING.
  6604 | D:9      | 6604 ||| RETREEEEATING.
  6605 | D:9      | 6605 ||| RETREEEEATING.
  6619 | D:9      | 6619 ||| FLEEEEING.
  6792 | D:9      | Noticed a kobold demonologist
  6793 | D:9      | 6793 ||| RETREEEEATING.
  6798 | D:9      | 6798 ||| RETREEEEATING.
  6806 | D:9      | Reached skill level 6 in Invocations
  6806 | D:9      | 6806 ||| INVOKING Finesse.
  6807 | D:9      | Noticed a kobold demonologist
  6813 | D:9      | Noticed a sun demon
  6813 | D:9      | 6813 ||| INVOKING Heroism.
  6814 | D:9      | Killed a kobold demonologist
  6815 | D:9      | Reached skill level 12 in Ranged Weapons
  6818 | D:9      | Killed a kobold demonologist
  6883 | D:9      | Found a radiant altar of Vehumet.
  7171 | D:9      | 7171 ||| UPGRADING to +0 troll leather armour.
  7181 | D:9      | 7181 ||| DROPPING +0 acid dragon scales.
  7219 | D:10     | Entered Level 10 of the Dungeon
  7219 | D:10     | Noticed Sonja
  7220 | D:10     | 7220 ||| INVOKING Finesse.
  7227 | D:10     | Killed Sonja
  7281 | D:10     | 7281 ||| FLEEEEING.
  7410 | D:10     | Noticed a two-headed ogre
  7411 | D:10     | 7411 ||| INVOKING Finesse.
  7417 | D:10     | Killed a two-headed ogre
  7418 | D:10     | Reached XP level 11. HP: 68/68 MP: 10/17
  7617 | D:10     | 7617 ||| INVOKING Finesse.
  7632 | D:10     | 7632 ||| Stepping ~*~*~tactically~*~*~ (cloud).
  7658 | D:10     | 7658 ||| INVOKING Finesse.
  7751 | D:10     | Noticed a cyclops
  7752 | D:10     | 7752 ||| INVOKING Finesse.
  7757 | D:10     | Killed a cyclops
  7794 | D:10     | 7794 ||| FLEEEEING.
  7795 | D:10     | 7795 ||| FLEEEEING.
  7796 | D:10     | 7796 ||| FLEEEEING.
  7797 | D:10     | 7797 ||| FLEEEEING.
  7798 | D:10     | 7798 ||| FLEEEEING.
  7799 | D:10     | 7799 ||| FLEEEEING.
  7800 | D:10     | 7800 ||| FLEEEEING.
  7801 | D:10     | 7801 ||| FLEEEEING.
  7802 | D:10     | 7802 ||| FLEEEEING.
  7868 | D:10     | Found a staircase to the Lair.
  7979 | D:10     | 7979 ||| PLANNING LAIR
  7979 | D:10     | 7979 ||| DROPPING +6 ring of intelligence.
  7980 | D:10     | 7980 ||| READING 4 scrolls of identify.
  7980 | D:10     | 7980 ||| IDENTIFYING bubbling yellow potion
  8016 | Lair:1   | Entered Level 1 of the Lair of Beasts
  8058 | Lair:1   | 8058 ||| RETREEEEATING.
  8059 | Lair:1   | 8059 ||| RETREEEEATING.
  8061 | Lair:1   | Reached skill level 13 in Ranged Weapons
  8061 | Lair:1   | 8061 ||| RETREEEEATING.
  8063 | Lair:1   | 8063 ||| RETREEEEATING.
  8064 | Lair:1   | 8064 ||| RETREEEEATING.
  8065 | Lair:1   | 8065 ||| RETREEEEATING.
  8065 | Lair:1   | Noticed a spriggan rider
  8066 | Lair:1   | 8066 ||| RETREEEEATING.
  8067 | Lair:1   | 8067 ||| RETREEEEATING.
  8068 | Lair:1   | 8068 ||| RETREEEEATING.
  8069 | Lair:1   | 8069 ||| INVOKING Finesse.
  8070 | Lair:1   | 8070 ||| INVOKING Finesse.
  8071 | Lair:1   | 8071 ||| INVOKING Heroism.
  8071 | Lair:1   | HP: 17/68 [spriggan rider/+0 spear (19)]
  8072 | Lair:1   | 8072 ||| READING 2 scrolls of teleportation.
  8072 | Lair:1   | HP: 2/68 [spriggan rider/+0 spear (17)]
  8073 | Lair:1   | 8073 ||| DRINKING potion of heal wounds.
  8093 | Lair:1   | Reached skill level 9 in Invocations
  8111 | Lair:1   | 8111 ||| RETREEEEATING.
  8112 | Lair:1   | 8112 ||| RETREEEEATING.
  8113 | Lair:1   | 8113 ||| RETREEEEATING.
  8126 | Lair:1   | Reached ***** piety under Okawaru
  8127 | Lair:1   | Reached skill level 9 in Fighting
  8153 | Lair:1   | 8153 ||| FLEEEEING.
  8183 | Lair:1   | Noticed a spriggan berserker
  8189 | Lair:1   | Found a transporter.
  8190 | Lair:1   | Noticed qw's ghost (novice GrHu)
  8192 | Lair:1   | Noticed a spriggan rider
  8199 | Lair:1   | Noticed a moth of wrath
  8200 | Lair:1   | Found a transporter.
  8206 | Lair:1   | Found a bloodstained altar of Trog.
  8207 | Lair:1   | Noticed a moth of wrath
  8259 | Lair:1   | 8259 ||| RETREEEEATING.
  8260 | Lair:1   | 8260 ||| RETREEEEATING.
  8937 | Lair:1   | 8937 ||| UPGRADING to +2 ring mail of fire resistance.
  8947 | Lair:1   | 8947 ||| READING 3 scrolls of identify.
  8947 | Lair:1   | 8947 ||| IDENTIFYING pink potion
  8948 | Lair:1   | 8948 ||| DROPPING potion of invisibility.
  8959 | Lair:2   | 8959 ||| STAIRDANCE
  9029 | Lair:2   | Received a gift from Okawaru
  9047 | Lair:2   | 9047 ||| RETREEEEATING.
  9049 | Lair:2   | Reached skill level 14 in Ranged Weapons
  9049 | Lair:2   | Reached XP level 12. HP: 76/76 MP: 19/19
  9050 | Lair:2   | 9050 ||| INVOKING Finesse.
  9111 | Lair:2   | 9111 ||| RETREEEEATING.
  9116 | Lair:2   | 9116 ||| RETREEEEATING.
  9120 | Lair:2   | 9120 ||| RETREEEEATING.
  9132 | Lair:2   | 9132 ||| INVOKING Finesse.
  9268 | Lair:2   | Noticed a catoblepas
  9269 | Lair:2   | 9269 ||| INVOKING Finesse.
  9281 | Lair:2   | Killed a catoblepas
  9281 | Lair:2   | Received a gift from Okawaru
  9407 | Lair:2   | Noticed a boulder beetle
  9408 | Lair:2   | 9408 ||| RETREEEEATING.
  9413 | Lair:2   | Reached skill level 15 in Ranged Weapons
  9414 | Lair:2   | 9414 ||| INVOKING Finesse.
  9433 | Lair:2   | Killed a boulder beetle
  9490 | Lair:2   | Found a staircase to the Swamp.
  9634 | Lair:2   | 9634 ||| FLEEEEING.
  9932 | Lair:2   | 9932 ||| RETREEEEATING.
  9933 | Lair:2   | 9933 ||| RETREEEEATING.
  9934 | Lair:2   | 9934 ||| RETREEEEATING.
  9937 | Lair:2   | 9937 ||| RETREEEEATING.
  9938 | Lair:2   | 9938 ||| RETREEEEATING.
  9939 | Lair:2   | 9939 ||| RETREEEEATING.
  9940 | Lair:2   | 9940 ||| RETREEEEATING.
  9969 | Lair:2   | 9969 ||| UPGRADING to +0 cloak.
  9974 | Lair:2   | 9974 ||| READING 4 scrolls of identify.
  9974 | Lair:2   | 9974 ||| IDENTIFYING scroll labelled QORIOWEUBI
  9975 | Lair:2   | 9975 ||| DROPPING scroll of vulnerability.
 10030 | Lair:3   | 10030 ||| RETREEEEATING.
 10032 | Lair:3   | 10032 ||| RETREEEEATING.
 10034 | Lair:3   | 10034 ||| RETREEEEATING.
 10134 | Lair:3   | Found a white marble altar of Elyvilon.
 10165 | Lair:3   | Reached skill level 16 in Ranged Weapons
 10193 | Lair:3   | 10193 ||| READING scroll of enchant weapon.
 10193 | Lair:3   | 10193 ||| ENCHANTING +2 longbow of freezing.
 10302 | Lair:3   | Reached XP level 13. HP: 83/83 MP: 20/20
 10471 | Lair:3   | 10471 ||| RETREEEEATING.
 10472 | Lair:3   | 10472 ||| RETREEEEATING.
 10473 | Lair:3   | 10473 ||| RETREEEEATING.
 10474 | Lair:3   | 10474 ||| RETREEEEATING.
 10475 | Lair:3   | 10475 ||| RETREEEEATING.
 10476 | Lair:3   | 10476 ||| RETREEEEATING.
 10477 | Lair:3   | 10477 ||| RETREEEEATING.
 10478 | Lair:3   | 10478 ||| RETREEEEATING.
 10479 | Lair:3   | 10479 ||| RETREEEEATING.
 10480 | Lair:3   | 10480 ||| RETREEEEATING.
 10481 | Lair:3   | 10481 ||| RETREEEEATING.
 10482 | Lair:3   | 10482 ||| RETREEEEATING.
 10483 | Lair:3   | 10483 ||| RETREEEEATING.
 10484 | Lair:3   | 10484 ||| RETREEEEATING.
 10485 | Lair:3   | 10485 ||| RETREEEEATING.
 10486 | Lair:3   | 10486 ||| RETREEEEATING.
 10487 | Lair:3   | 10487 ||| INVOKING Finesse.
 10492 | Lair:3   | Received a gift from Okawaru
 10588 | Lair:3   | 10588 ||| RETREEEEATING.
 10589 | Lair:3   | 10589 ||| RETREEEEATING.
 10590 | Lair:3   | 10590 ||| RETREEEEATING.
 10591 | Lair:3   | 10591 ||| RETREEEEATING.
 10592 | Lair:3   | 10592 ||| RETREEEEATING.
 10593 | Lair:3   | 10593 ||| RETREEEEATING.
 10594 | Lair:3   | 10594 ||| RETREEEEATING.
 10595 | Lair:3   | 10595 ||| RETREEEEATING.
 10596 | Lair:3   | 10596 ||| RETREEEEATING.
 10599 | Lair:3   | 10599 ||| RETREEEEATING.
 10600 | Lair:3   | 10600 ||| RETREEEEATING.
 10682 | Lair:3   | Found a staircase to the Snake Pit.
 10982 | Lair:3   | 10982 ||| READING 4 scrolls of identify.
 10982 | Lair:3   | 10982 ||| IDENTIFYING smoky orange potion
 10983 | Lair:3   | 10983 ||| READING 3 scrolls of identify.
 10983 | Lair:3   | 10983 ||| IDENTIFYING scroll labelled FOAGRO JAMASCH
 10984 | Lair:3   | 10984 ||| DROPPING potion of brilliance.
 10985 | Lair:3   | 10985 ||| DROPPING scroll of immolation.
 11032 | Lair:4   | 11032 ||| RETREEEEATING.
 11042 | Lair:4   | 11042 ||| RETREEEEATING.
 11043 | Lair:4   | 11043 ||| RETREEEEATING.
 11050 | Lair:4   | 11050 ||| RETREEEEATING.
 11059 | Lair:4   | 11059 ||| RETREEEEATING.
 11143 | Lair:4   | Found a staircase to the Slime Pits.
 11143 | Lair:4   | Found a viscous altar of Jiyva.
 11167 | Lair:4   | 11167 ||| RETREEEEATING.
 11168 | Lair:4   | 11168 ||| RETREEEEATING.
 11169 | Lair:4   | 11169 ||| RETREEEEATING.
 11170 | Lair:4   | 11170 ||| RETREEEEATING.
 11171 | Lair:4   | 11171 ||| RETREEEEATING.
 11178 | Lair:4   | 11178 ||| RETREEEEATING.
 11179 | Lair:4   | 11179 ||| RETREEEEATING.
 11180 | Lair:4   | 11180 ||| RETREEEEATING.
 11181 | Lair:4   | 11181 ||| RETREEEEATING.
 11182 | Lair:4   | 11182 ||| RETREEEEATING.
 11183 | Lair:4   | 11183 ||| RETREEEEATING.
 11184 | Lair:4   | 11184 ||| INVOKING Finesse.
 11199 | Lair:4   | HP: 16/84 [death yak (18)]
 11200 | Lair:4   | 11200 ||| READING 3 scrolls of teleportation.
 11201 | Lair:4   | 11201 ||| DRINKING potion of heal wounds.
 11204 | Lair:4   | 11204 ||| FLEEEEING.
 11319 | Lair:4   | 11319 ||| RETREEEEATING.
 11320 | Lair:4   | 11320 ||| RETREEEEATING.
 11321 | Lair:4   | 11321 ||| RETREEEEATING.
 11322 | Lair:4   | 11322 ||| RETREEEEATING.
 11323 | Lair:4   | 11323 ||| RETREEEEATING.
 11324 | Lair:4   | 11324 ||| RETREEEEATING.
 11325 | Lair:4   | 11325 ||| RETREEEEATING.
 11326 | Lair:4   | 11326 ||| RETREEEEATING.
 11327 | Lair:4   | 11327 ||| RETREEEEATING.
 11328 | Lair:4   | 11328 ||| RETREEEEATING.
 11329 | Lair:4   | 11329 ||| RETREEEEATING.
 11336 | Lair:4   | 11336 ||| RETREEEEATING.
 11337 | Lair:4   | 11337 ||| RETREEEEATING.
 11338 | Lair:4   | 11338 ||| RETREEEEATING.
 11339 | Lair:4   | 11339 ||| RETREEEEATING.
 11340 | Lair:4   | 11340 ||| RETREEEEATING.
 11341 | Lair:4   | 11341 ||| RETREEEEATING.
 11342 | Lair:4   | 11342 ||| RETREEEEATING.
 11343 | Lair:4   | 11343 ||| RETREEEEATING.
 11344 | Lair:4   | 11344 ||| RETREEEEATING.
 11345 | Lair:4   | 11345 ||| RETREEEEATING.
 11346 | Lair:4   | 11346 ||| FLEEEEING.
 11347 | Lair:4   | 11347 ||| FLEEEEING.
 11348 | Lair:4   | 11348 ||| FLEEEEING.
 11349 | Lair:4   | 11349 ||| FLEEEEING.
 11350 | Lair:4   | 11350 ||| RETREEEEATING.
 11351 | Lair:4   | 11351 ||| RETREEEEATING.
 11352 | Lair:4   | 11352 ||| RETREEEEATING.
 11353 | Lair:4   | 11353 ||| RETREEEEATING.
 11354 | Lair:4   | 11354 ||| RETREEEEATING.
 11401 | Lair:4   | Received a gift from Okawaru
 11423 | Lair:4   | Reached skill level 17 in Ranged Weapons
 11492 | Lair:4   | 11492 ||| READING scroll of enchant weapon.
 11492 | Lair:4   | 11492 ||| ENCHANTING +3 longbow of freezing.
 11532 | Lair:4   | 11532 ||| RETREEEEATING.
 11533 | Lair:4   | 11533 ||| RETREEEEATING.
 11534 | Lair:4   | 11534 ||| RETREEEEATING.
 11535 | Lair:4   | 11535 ||| RETREEEEATING.
 11536 | Lair:4   | 11536 ||| RETREEEEATING.
 11537 | Lair:4   | 11537 ||| RETREEEEATING.
 11538 | Lair:4   | 11538 ||| RETREEEEATING.
 11539 | Lair:4   | 11539 ||| RETREEEEATING.
 11540 | Lair:4   | 11540 ||| RETREEEEATING.
 11541 | Lair:4   | 11541 ||| RETREEEEATING.
 11542 | Lair:4   | 11542 ||| RETREEEEATING.
 11543 | Lair:4   | 11543 ||| RETREEEEATING.
 11544 | Lair:4   | 11544 ||| RETREEEEATING.
 11545 | Lair:4   | 11545 ||| RETREEEEATING.
 11546 | Lair:4   | 11546 ||| INVOKING Finesse.
 11553 | Lair:4   | 11553 ||| INVOKING Heroism.
 11563 | Lair:4   | Reached skill level 6 in Armour
 11580 | Lair:4   | 11580 ||| INVOKING Finesse.
 11898 | Lair:4   | 11898 ||| RETREEEEATING.
 11904 | Lair:4   | 11904 ||| RETREEEEATING.
 11907 | Lair:4   | 11907 ||| RETREEEEATING.
 11908 | Lair:4   | 11908 ||| RETREEEEATING.
 11909 | Lair:4   | 11909 ||| RETREEEEATING.
 12126 | Lair:4   | 12126 ||| UPGRADING to +0 pair of gloves.
 12139 | Lair:5   | Entered Level 5 of the Lair of Beasts
 12179 | Lair:5   | 12179 ||| RETREEEEATING.
 12180 | Lair:5   | 12180 ||| RETREEEEATING.
 12196 | Lair:5   | 12196 ||| RETREEEEATING.
 12199 | Lair:5   | Reached skill level 18 in Ranged Weapons
 12204 | Lair:5   | 12204 ||| RETREEEEATING.
 12205 | Lair:5   | 12205 ||| RETREEEEATING.
 12206 | Lair:5   | 12206 ||| RETREEEEATING.
 12224 | Lair:5   | Gained mutation: Your large and strong wings let you fly.
                  | [Gargoyle growth]
 12224 | Lair:5   | Reached XP level 14. HP: 90/90 MP: 21/21
 12251 | Lair:5   | Received a gift from Okawaru
 12307 | Lair:5   | Reached skill level 12 in Fighting
 12510 | Lair:5   | 12510 ||| INVOKING Finesse.
 12628 | Lair:5   | Received a gift from Okawaru
 12674 | Lair:5   | 12674 ||| FLEEEEING.
 12889 | Lair:5   | Found a runed translucent door.
 12889 | Lair:5   | Found a shimmering altar of Xom.
 12889 | Lair:5   | Noticed Plazmod's ghost (journeyman DECj)
 12897 | Lair:5   | 12897 ||| RETREEEEATING.
 12899 | Lair:5   | 12899 ||| RETREEEEATING.
 13117 | Lair:5   | Reached skill level 19 in Ranged Weapons
 13139 | Lair:5   | 13139 ||| READING scroll of enchant weapon.
 13139 | Lair:5   | 13139 ||| ENCHANTING +4 longbow of freezing.
 13363 | Lair:5   | 13363 ||| FLEEEEING.
 13395 | Lair:5   | Identified the +1 leather armour of Limitation {rElec rF++
                  | Dex+2 Stlth+}
 13482 | Lair:5   | 13482 ||| PLANNING D:1-11
 13482 | Lair:5   | 13482 ||| UPGRADING to +1 leather armour of Limitation
                  | {rElec rF++ Dex+2 Stlth+}.
 13492 | Lair:5   | 13492 ||| DROPPING +2 ring mail of fire resistance.
 13493 | Lair:5   | 13493 ||| DROPPING amulet of guardian spirit.
 13494 | Lair:5   | 13494 ||| READING 3 scrolls of identify.
 13494 | Lair:5   | 13494 ||| IDENTIFYING 3 scrolls labelled YFYCZO ACWEEZIZEIT
 13495 | Lair:5   | 13495 ||| DROPPING 3 scrolls of revelation.
 13635 | D:11     | 13635 ||| FLEEEEING.
 13639 | D:11     | 13639 ||| STAIRDANCE
 13745 | D:10     | 13745 ||| DROPPING scarf of invisibility.
 14057 | D:11     | Reached ****** piety under Okawaru
 14065 | D:11     | 14065 ||| FLEEEEING.
 14079 | D:11     | Received a gift from Okawaru
 14080 | D:11     | 14080 ||| INVOKING Receive Weapon.
 14080 | D:11     | 14080 ||| ACQUIRING +6 hand cannon of Teegh {freeze, Str+3}
 14080 | D:11     | Acquired the +6 hand cannon of Teegh {freeze, Str+3}
 14080 | D:11     | Received a gift from Okawaru
 14085 | D:11     | 14085 ||| INVOKING Receive Armour.
 14085 | D:11     | 14085 ||| GAVE UP ACQUIRING OKAWARU ARMOUR
 14085 | D:11     | Acquired the +6 plate armour of Indomitability {rElec rF+}
 14085 | D:11     | Received a gift from Okawaru
 14094 | D:11     | 14094 ||| SWAPPING to +6 hand cannon of Teegh {freeze,
                  | Str+3}.
 14099 | D:11     | 14099 ||| DROPPING +5 longbow of freezing.
 14101 | D:11     | Found a staircase to the Orcish Mines.
 14105 | D:11     | 14105 ||| READING 2 scrolls of identify.
 14105 | D:11     | 14105 ||| IDENTIFYING scroll labelled KEIM DECAJUEDY
 14110 | D:11     | Reached skill level 6 in Dodging
 14155 | D:11     | Found a glowing golden altar of the Shining One.
 14349 | D:11     | 14349 ||| PLANNING D
 14349 | D:11     | 14349 ||| DROPPING scroll of torment.
 14468 | D:12     | 14468 ||| ZAPPING wand of light (13) at -2,0 (deep elf
                  | pyromancer; floor).
 14469 | D:12     | 14469 ||| ZAPPING wand of light (12) at -2,0 (deep elf
                  | pyromancer; floor).
 14470 | D:12     | 14470 ||| ZAPPING wand of light (11) at -2,0 (deep elf
                  | pyromancer; floor).
 14471 | D:12     | 14471 ||| ZAPPING wand of light (10) at -2,0 (deep elf
                  | pyromancer; floor).
 14475 | D:12     | 14475 ||| FLEEEEING.
 14605 | D:12     | You are sucked into a shaft and drop 3 floors!
 14605 | D:15     | Entered Level 15 of the Dungeon
 14656 | D:15     | Found a staircase to the Depths.
 14656 | D:15     | Noticed a frost giant
 14657 | D:15     | 14657 ||| INVOKING Finesse.
 14658 | D:15     | 14658 ||| INVOKING Heroism.
 14665 | D:15     | Killed a frost giant
 14819 | D:15     | HP: 15/92 [centaur warrior/arrow (15)]
 14819 | D:15     | HP: 5/92 [centaur/arrow[a centaur warrior] (5)]
 14820 | D:15     | 14820 ||| READING 3 scrolls of teleportation.
 14821 | D:15     | Shot with an arrow by a centaur warrior

Levels and vault maps discovered:
D:1:      scummos_arrival_hexagon, layout_basic
D:2:      wander_river, layout_basic, basic_altar, serial_shops,
          nicolae_diamond_shop
D:3:      cheibrodos_fertilizer, layout_loops_ring, uniq_grinder
D:4:      cheibrodos_thug_alley, layout_cave_pools, mainiacjoe_overflow_paths
D:5:      layout_cave_pools, elyvilon_altar_1, grunt_ministairs_3
D:6:      layout_cave_pools, temple_statues, hangedman_decor_diamond_cutter,
          uniq_pikel
D:7:      layout_loops_ring, grunt_nemelex_the_gamble,
          nicolae_sif_muna_condensation
D:8:      layout_basic, nicolae_ru_awakened_eye
D:9:      layout_loops_ring, vehumet_crystals,
          mainiacjoe_overflow_large_starburst, kennysheep_generic_room_7
D:10:     minmay_statue_hallways, layout_small_grid, lair_entry_dummy,
          uniq_sonja
D:11:     nicolae_BIG_FREAKIN_CUBE, layout_small_grid, david_orc_5,
          nicolae_tso_carved_into_rock
D:12:     layout_roguey, drop_trap
D:15:     grunt_enter_depths_snipers, layout_cave_pools, chequers_arboretum,
          uniq_rupert
Lair:1:   layout_cave_pods, gammafunk_ghost_wrathful_warriors,
          grunt_forest_large_clearings
Lair:2:   layout_gridlike, minmay_swamp_entry_swarm, cheibrodos_lair_reptile_den
Lair:3:   layout_cave_pods, guppyfry_snake_entry_garden, basic_altar,
          hibernation_bobbens, serial_bayou_shore_b
Lair:4:   layout_regular_city, nicolae_slime_entry_slimehenge, lemuel_fruit_tree
Lair:5:   grunt_lair_end_beastmaster, layout_cellular_growth, ebering_ghost_xom

Skill      XL: |  1  2  3  4  5  6  7  8  9 10 11 12 13 14 |
---------------+-------------------------------------------+-----
Armour         | 1 2 3 5 6 7 |  7.1
Ranged Weapons | 5 6 7 8 9 11 12 14 16 18 19 | 19.0
Fighting       | 3 4 5 6 7 8 9 10 11 12 | 12.7
Dodging        | 2 3 4 5 7 |  7.1
Invocations    | 4 8 10 | 10.0
Stealth        | |  1.1

Action                     |  1- 3 |  4- 6 |  7- 9 | 10-12 | 13-15 || total
---------------------------+-------+-------+-------+-------+-------++-------
   Fire: Shortbow          |   101 |   124 |   436 |       |       ||   661
         Orcbow            |       |       |    20 |    27 |       ||    47
         Longbow           |       |       |       |   580 |   648 ||  1228
         Hand cannon       |       |       |       |       |    86 ||    86
 Invoke: Heroism           |       |       |     1 |     2 |     2 ||     5
         Finesse           |       |       |       |    11 |     6 ||    17
         Receive Weapon    |       |       |       |       |     1 ||     1
         Receive Armour    |       |       |       |       |     1 ||     1
  Evoke: Wand              |       |       |     1 |       |     4 ||     5
    Use: Scroll            |     6 |     1 |    18 |     7 |     8 ||    40
         Potion            |     1 |       |       |     1 |     1 ||     3
 Armour: Leather armour    |    13 |       |       |       |    64 ||    77
         Ring mail         |    26 |    71 |   215 |    68 |   219 ||   599
         Acid dragon scale |       |       |       |    20 |       ||    20
         Troll leather arm |       |       |       |    53 |       ||    53
  Dodge: Dodged            |    22 |    41 |   177 |   154 |   202 ||   596

Table legend:
 A = Non-vault XP
 B = Vault XP
 C = Vault XP percentage of total XP
 D = Non-vault monster count
 E = Vault monster count
 F = Vault count percentage of total count
                 A         B        C        D         E       F
            +---------+---------+-------+---------+---------+-------
      Total |   67963 |   17296 |  20.3 |     417 |      95 |  18.6
            +---------+---------+-------+---------+---------+-------
        D:1 |      41 |       0 |   0.0 |      20 |       0 |   0.0
        D:2 |      25 |       0 |   0.0 |      16 |       0 |   0.0
        D:3 |     204 |     406 |  66.6 |      21 |      17 |  44.7
        D:4 |     441 |     198 |  31.0 |      26 |      10 |  27.8
        D:5 |     862 |     754 |  46.7 |      29 |       3 |   9.4
        D:6 |     339 |       0 |   0.0 |      13 |       0 |   0.0
        D:7 |    1088 |       0 |   0.0 |      22 |       0 |   0.0
        D:8 |    1252 |       0 |   0.0 |      24 |       0 |   0.0
        D:9 |    2033 |     454 |  18.3 |      21 |       2 |   8.7
       D:10 |    2061 |    1209 |  37.0 |       8 |       2 |  20.0
       D:11 |    1910 |     583 |  23.4 |      11 |      21 |  65.6
       D:12 |    3883 |       0 |   0.0 |      10 |       0 |   0.0
       D:15 |    3356 |    2856 |  46.0 |       7 |       3 |  30.0
     Lair:1 |    4490 |     755 |  14.4 |      25 |       2 |   7.4
     Lair:2 |   11221 |    1456 |  11.5 |      46 |       7 |  13.2
     Lair:3 |    5517 |     311 |   5.3 |      30 |       2 |   6.2
     Lair:4 |   16182 |     186 |   1.1 |      51 |       8 |  13.6
     Lair:5 |   13058 |    8128 |  38.4 |      37 |      18 |  32.7
            +---------+---------+-------+---------+---------+-------
